 Dungeon Crawl Stone Soup version 0.30.0-29-ga12c61a403 (webtiles) character file.

Game seed: 437196850936771210

77 cdecastro the Chiller (level 4, -1/30 HPs)
             Began as a Merfolk Ice Elementalist on June 22, 2023.
             Slain by an orc
             ... wielding a +0 dagger
              (2 damage)
             ... on level 2 of the Dungeon.
             The game lasted 00:03:57 (1394 turns).

cdecastro the Chiller (Merfolk Ice Elementalist)    Turns: 1394, Time: 00:03:58

Health: -1/30      AC:  2    Str:  8    XL:     4   Next: 33%
Magic:  7/7        EV: 17    Int: 16    God:
Gold:   117        SH:  0    Dex: 14    Spells: 0/7 levels left

rFire   . . .        f - +0 dagger
rCold   . . .        (no shield)
rNeg    . . .        a - +0 robe
rPois   .            (no helmet)
rElec   .            (no cloak)
rCorr   .            (no gloves)
SInv    .            (no boots)
Will    .....        (no amulet)
Stlth   ++           k - +5 ring of evasion
HPRegen 0.25/turn    (no ring)
MPRegen 0.10/turn

%: no passive effects
@: no status effects
A: (nimble swimmer 2), mertail
a: no special abilities


You were on level 2 of the Dungeon.
You visited 1 branch of the dungeon, and saw 2 of its levels.

You collected 117 gold pieces.

Inventory:

Hand Weapons
 e - a +0 whip
 f - a +0 dagger (weapon)
Missiles
 l - a throwing net
Armour
 a - a +0 robe (worn)
 m - a scarf of invisibility
 n - a +0 ring mail
Jewellery
 k - a +5 ring of evasion (left hand)
 q - an amulet of guardian spirit
Scrolls
 d - 4 scrolls of identify {unknown}
 h - a scroll of amnesia {unknown}
 j - 2 scrolls of poison {unknown}
 o - 2 scrolls of teleportation {unknown}
 p - a scroll of fog {unknown}
Potions
 b - a potion of magic
 c - 2 potions of mutation {unknown}
 g - a potion of cancellation {unknown}
 i - a potion of brilliance {unknown}


   Skills:
 - Level 2.6 Dodging
 - Level 2.1 Stealth
 - Level 2.0 Spellcasting
 + Level 6.3 Ice Magic


You couldn't memorise any spells.
You knew the following spells:

 Your Spells              Type           Power      Damage    Failure   Level
a - Freeze                Ice            84%        1d9       1%          1
b - Frozen Ramparts       Ice            42%        1d7       4%          3
c - Ozocubu's Armour      Ice            21%        N/A       4%          3

Your spell library contained the following spells:

 Spells                   Type           Power      Damage    Failure   Level
 Summon Ice Beast         Ice/Summ       11%        N/A       50%         4


Dungeon Overview and Level Annotations

Branches:
Dungeon (2/15)

Altars:


Innate Abilities, Weirdness & Mutations

((You are very nimble when in or above water. (Stealth+, EV+, Speed+++)))
Your lower body shifts to a powerful aquatic tail in water.


Message History

You feel less confused.
The wall freezes something.
Something hits you.
* * * LOW HITPOINT WARNING * * *
The orc closely misses you.
Unknown command.
Unknown command.
Casting: Frozen Ramparts (dangerous; 4% risk of failure)
Confirm with . or Enter, or press ? or * to list all spells.
A film of ice covers your body!
The frozen ramparts melt away.
Something hits you but does no damage. The orc barely misses you.
Unknown command.
Unknown command.
Your icy armour will break if you move.
Continue?
Okay, then.
There are monsters nearby!
You hit the orc but do no damage. The orc completely misses you.
You hit the orc but do no damage.
You hear some strange, mumbled words.
A puff of flame appears from out of thin air!
The puff of flame hits you.
* * * LOW HITPOINT WARNING * * *
The orc completely misses you. The orc hits you but does no damage.
The heat melts your icy armour.
Unknown command.
Unknown command.
Your icy armour will break if you move.
Continue?
Okay, then.
Unknown command.
Unknown command.
Your icy armour will break if you move.
Continue?
Your icy armour cracks and falls away as you move.
You hear some strange, mumbled words.
A puff of flame appears from out of thin air!
The puff of flame hits you!
* * * LOW HITPOINT WARNING * * *
Unknown command.
Unknown command.
Magic courses through your body. Something hits you but does no damage.
The orc closely misses you. The orc hits you with a +0 dagger.
You die...

#....# #...#.<...<.#.
#....## ##..#..._...#.
#.....###...#.#...#.#.
#...............<.....
#............#.....#..
###.....(....#######.)
#....#####..........
##)..+ ###......#.
#.@.# #..#.#.#. #o{o#
##...#.#. #...#
###.#.#. #...# #.#.##
)...# #.#.## .....#
#.#... ....## ..##..
...... ..... ......
##...


You could see 2 orcs.

Vanquished Creatures
  4 gnolls
  A dart slug (D:1)
  An orc (D:2)
  6 ball pythons
  An endoplasm (D:1)
  A giant cockroach (D:2)
  5 goblins
  4 hobgoblins
  3 kobolds
  3 bats (D:1)
  3 frilled lizards
  6 rats
38 creatures vanquished.

Notes
Turn   | Place    | Note
-------+----------+-------------------------------------------
     0 | D:1      | cdecastro the Merfolk Ice Elementalist began the quest for
                  | the Orb.
     0 | D:1      | Reached XP level 1. HP: 13/13 MP: 3/3
   196 | D:1      | Reached XP level 2. HP: 19/19 MP: 3/5
   333 | D:1      | Reached skill level 5 in Ice Magic
   933 | D:2      | Found a faded altar of an unknown god.
   941 | D:2      | Reached XP level 3. HP: 24/24 MP: 1/6
  1257 | D:1      | Reached skill level 6 in Ice Magic
  1315 | D:2      | Reached XP level 4. HP: 26/30 MP: 4/7
  1347 | D:1      | Learned a level 3 spell: Frozen Ramparts
  1351 | D:1      | Learned a level 3 spell: Ozocubu's Armour
  1393 | D:2      | HP: 1/30 [something/puff of flame (7)]
  1394 | D:2      | Slain by an orc

Illustrated notes

Levels and vault maps discovered:
D:1:      wander_arrival_fairy_ring, layout_loops_ring
D:2:      layout_basic, nicolae_ecumenical_pavilion

Skill      XL: |  1  2  3 |
---------------+----------+-----
Ice Magic      | 5 6 |  6.3
Dodging        | |  2.6
Stealth        | |  2.1
Spellcasting   | |  2.0

Action                     |  1- 3 |  4- 6 || total
---------------------------+-------+-------++-------
  Melee: Whip              |     1 |       ||     1
         Dagger            |    11 |     3 ||    14
   Cast: Freeze            |    46 |       ||    46
         Ozocubu's Armour  |       |     1 ||     1
         Frozen Ramparts   |       |     1 ||     1
    Use: Potion            |       |     1 ||     1
   Stab: Sleeping          |     5 |       ||     5
 Armour: Robe              |     5 |     5 ||    10
  Dodge: Dodged            |    45 |    10 ||    55
